 Dungeon Crawl Stone Soup version 0.27-a0-1193-g8631133539 (webtiles) character file.

Game seed: 15027434832287759175

3157 robertstho the Spear-Bearer (level 9, -4/120 HPs)
             Began as a Purple Draconian Berserker on May 26, 2021.
             Was a Priest of Trog.
             Slain by a killer bee (5 damage)
             ... on level 8 of the Dungeon.
             The game lasted 00:07:16 (7735 turns).

robertstho the Spear-Bearer (DrBe)                  Turns: 7735, Time: 00:07:17

Health: -4/120     AC:  8    Str: 22    XL:     9   Next: 62%
Magic:  3/3        EV: 16    Int:  8    God:    Trog [***...]
Gold:   25         SH:  5    Dex: 23    Spells: 8/8 levels left

rFire    . . .     SeeInvis .   q - +0 demon trident (antimagic)
rCold    . . .     Faith    .   (no shield)
rNeg     . . .     Spirit   .   (armour unavailable)
rPois    .         Reflect  +   (helmet restricted)
rElec    .         Harm     .   h - scarf {repulsion}
rCorr    .         Rampage  .   n - +0 pair of gloves
Will     +++..                  (no boots)
Stlth    ..........             g - amulet of reflection
HPRegen  1.30/turn              e - +6 ring of dexterity
MPRegen  0.08/turn              o - +6 ring of dexterity

@: berserking, lethally poisoned (-4 -> -7), strong-willed, regenerating, repel
missiles, very quick
A: breathe power, AC +7, unfitting armour, cold-blooded
a: Breathe Dispelling Energy, Renounce Religion, Berserk, Trog's Hand


You were on level 8 of the Dungeon.
You worshipped Trog.
Trog was most pleased with you.
You visited 1 branch of the dungeon, and saw 8 of its levels.

You collected 361 gold pieces.
You spent 336 gold pieces at shops.

Inventory:

Hand Weapons
 a - a +0 hand axe
 q - a +0 antimagic demon trident (weapon)
Missiles
 y - 4 throwing nets
Armour
 f - a +0 cloak
 h - a scarf of repulsion (worn)
 n - a +0 pair of gloves (worn)
Jewellery
 e - a +6 ring of dexterity (left hand)
 g - an amulet of reflection (around neck)
 o - a +6 ring of dexterity (right hand)
 x - a ring of resist corrosion
Wands
 u - a wand of flame (38)
 C - a wand of mindburst (7)
Scrolls
 i - a scroll of summoning {unknown}
 k - 2 scrolls of enchant armour {unknown}
 m - 3 scrolls of amnesia
 r - 2 scrolls of magic mapping
 s - 3 scrolls of vulnerability
 w - a scroll of fog
 A - a scroll of blinking
 B - a scroll of immolation
Potions
 c - a potion of cancellation
 j - 3 potions of heal wounds {unknown}
 l - 2 potions of magic {unknown}
 p - 2 potions of curing
 v - a potion of berserk rage
 z - a potion of haste


   Skills:
 * Level 7.7 Fighting
 + Level 4.6(6.9) Axes
 + Level 8.0(8.6) Polearms
 * Level 6.0 Dodging
 + Level 4.7 Stealth
 + Level 2.1 Shields


You had 8 spell levels left.
You didn't know any spells.
Your spell library was empty.

Dungeon Overview and Level Annotations

Branches:
Dungeon (8/15)             Temple (0/1) D:6
   Lair: D:8-11

Altars:
Fedhas
Makhleb
Nemelex Xobeh
Okawaru
Wu Jian

Shops:
D:5 (   D:7 ?


Innate Abilities, Weirdness & Mutations

You can breathe bolts of dispelling energy.
Your rich purple scales are hard. (AC +7)
You cannot fit into any form of body armour.
You are cold-blooded and may be slowed by cold attacks.


Message History

Unknown command.
You feel sick. The killer bee misses you.
The killer bee stings you but does no damage.
You hear an angry buzzing noise.
Unknown command.
A red film seems to cover your vision as you go berserk!
You feel yourself moving faster!
You feel mighty!
You have got your breath back.
You feel sick. The killer bee closely misses you. The killer bee stings you!
* * * LOW HITPOINT WARNING * * *
Your ogre barely misses the killer bee.
The killer bee misses you. The killer bee closely misses you.
The orc hits you but does no damage. The killer bee barely misses you.
The killer bee closely misses you.
Your ogre completely misses the killer bee.
You barely miss the killer bee.
You feel sick. The killer bee closely misses you.
The killer bee completely misses you. The orc barely misses you.
The killer bee stings you.
* * * LOW HITPOINT WARNING * * *
Unknown command.
You miss the killer bee.
You feel sick. The killer bee stings you.
* * * LOW HITPOINT WARNING * * *
You are more poisoned.
The killer bee poisons you! You block the killer bee's attack.
Your ogre misses the killer bee. The killer bee stings you.
* * * LOW HITPOINT WARNING * * *
Unknown command.
You miss the killer bee.
* * * LOW HITPOINT WARNING * * *
You feel very sick. The killer bee closely misses you.
The killer bee barely misses you.
The killer bee stings you but does no damage.
The orc hits you from afar with a +0 trident.
* * * LOW HITPOINT WARNING * * *
The killer bee misses you.
You barely miss the killer bee.
* * * LOW HITPOINT WARNING * * *
You feel sick.
Your ogre closely misses the killer bee.
The killer bee barely misses you. The killer bee stings you.
You die...

###### #.....###########
##########.....#.........#
...#.....#.....#.........#
.........)....<#.........#
.<.............#@yo......#
.).............#yyO......#
...............#yyo......#
.............y...............
.............[.............#.
.........)...)[........$.#...
.........######.#####......#.
###.###### #..y.##........
#.# #...o.#.........


You could see 5 killer bees, 2 orcs and a friendly ogre (summoned, berserk).

Vanquished Creatures
  Harold (D:7)
  3 yaks (D:6)
  A sky beast (D:8)
  2 ogres (D:6)
  2 phantoms (D:6)
  A centaur (D:6)
  A bullfrog (D:7)
  5 scorpions
  A killer bee (D:8)
  A howler monkey (D:6)
  4 wights (D:8)
  2 centaur zombies (D:6)
  A centaur skeleton (D:7)
  3 hounds
  2 orc priests (D:8)
  2 bullfrog skeletons
  A gnoll shaman (D:4)
  9 orc wizards
  4 iguanas
  A scorpion zombie (D:5)
  Natasha (D:2)
  A hound zombie (D:5)
  A hound skeleton (D:5)
  3 adders
  4 gnolls (D:4)
  A shadow imp (D:7)
  2 white imps
  An ufetubus (D:7)
  An adder skeleton (D:4)
  A dart slug (D:4)
  17 orcs
  9 endoplasms
  3 giant cockroaches
  13 goblins
  4 hobgoblins (D:1)
  7 jackals
  2 quokkas
  6 ball pythons
  7 bats
  3 frilled lizards
  7 kobolds
  12 rats
153 creatures vanquished.

Notes
Turn   | Place    | Note
-------+----------+-------------------------------------------
     0 | D:1      | robertstho the Draconian Berserker began the quest for the
                  | Orb.
     0 | D:1      | Reached XP level 1. HP: 19/19 MP: 1/1
   178 | D:1      | Reached XP level 2. HP: 20/26 MP: 2/2
   709 | D:1      | Found a faded altar of an unknown god.
   818 | D:1      | Reached XP level 3. HP: 33/33 MP: 3/3
   910 | D:1      | Reached ** piety under Trog
  1139 | D:2      | Found a burning altar of Makhleb.
  1662 | D:2      | Noticed Natasha
  1670 | D:2      | Killed Natasha
  1671 | D:2      | Reached XP level 4. HP: 40/40 MP: 4/4
  2217 | D:3      | Reached skill level 1 in Stealth
  2227 | D:3      | Reached XP level 5. HP: 46/46 MP: 5/5
  2707 | D:3      | Found a sparkling altar of Nemelex Xobeh.
  3174 | D:4      | Reached *** piety under Trog
  3183 | D:4      | Reached XP level 6. HP: 52/53 MP: 2/6
  3225 | D:4      | Reached skill level 1 in Polearms
  3838 | D:4      | Reached skill level 5 in Fighting
  3972 | D:5      | Entered Level 5 of the Dungeon
  4008 | D:5      | Found a blossoming altar of Fedhas.
  4077 | D:5      | Reached skill level 2 in Polearms
  4077 | D:5      | Your scales start taking on a rich purple colour.
  4077 | D:5      | Reached XP level 7. HP: 58/61 MP: 2/7
  4253 | D:5      | Found Hiuvvee's Weapon Shop.
  4267 | D:5      | Found an ornate altar of the Wu Jian Council.
  4352 | D:5      | Reached skill level 3 in Polearms
  4700 | D:6      | Found a staircase to the Ecumenical Temple.
  4722 | D:6      | Reached skill level 4 in Polearms
  4722 | D:6      | Reached skill level 1 in Shields
  4727 | D:6      | Reached XP level 8. HP: 24/70 MP: 2/8
  5128 | D:6      | Reached skill level 5 in Polearms
  5173 | D:6      | Reached **** piety under Trog
  5174 | D:6      | Reached skill level 5 in Dodging
  5182 | D:6      | Reached skill level 6 in Polearms
  6151 | D:7      | Reached XP level 9. HP: 51/78 MP: 3/9
  6326 | D:7      | Found an iron altar of Okawaru.
  6725 | D:7      | Noticed Harold
  6738 | D:7      | Killed Harold
  6739 | D:7      | Reached skill level 7 in Polearms
  7048 | D:7      | Found Woxku's Magic Scroll Shop.
  7055 | D:7      | Bought a scroll of identify for 26 gold pieces
  7055 | D:7      | Bought a scroll of magic mapping for 45 gold pieces
  7055 | D:7      | Bought a scroll of blinking for 97 gold pieces
  7055 | D:7      | Bought a scroll of identify for 26 gold pieces
  7055 | D:7      | Bought a scroll of amnesia for 45 gold pieces
  7055 | D:7      | Bought a scroll of vulnerability for 97 gold pieces
  7697 | D:8      | Reached skill level 8 in Polearms
  7734 | D:8      | HP: 6/120 [poisoned by a killer bee]
  7735 | D:8      | HP: 1/120 [poisoned by a killer bee]
  7735 | D:8      | Slain by a killer bee

Illustrated notes

Levels and vault maps discovered:
D:1:      nicolae_arrival_somewhat_less_tricky_arrival, layout_loops_ring,
          ebering_ecumenical_altar_abandoned
D:2:      layout_loops_ring, basic_altar, minmay_pentomino_q4, uniq_natasha
D:3:      layout_basic, nemelex_diamond_rough_becter
D:4:      layout_loops_corners, grunt_ministairs_9
D:5:      layout_rooms, kennysheep_little_box, lemuel_tele_altar, serial_shops,
          kennysheep_mini_moat
D:6:      layout_cave_pods, minmay_temple_entry_stoned_glass
D:7:      layout_basic, overflow_temple_1_default, serial_shops,
          nicolae_shop_statue_plus, uniq_harold
D:8:      layout_rooms, minmay_puff

Skill      XL: |  1  2  3  4  5  6  7  8  9 |
---------------+----------------------------+-----
Dodging        | 3 4 5 6 |  6.0
Fighting       | 4 5 6 7 |  7.7
Stealth        | 2 3 4 |  4.7
Axes           | 4 |  4.6
Polearms       | 2 4 6 8 |  8.0
Shields        | 1 2 |  2.1

Action                   |  1- 3 |  4- 6 |  7- 9 || total
-------------------------+-------+-------+-------++-------
Melee: Hand axe          |   129 |    46 |       ||   175
       Tailslap          |    11 |    15 |    51 ||    77
       Demon trident     |       |    93 |   214 ||   307
Invok: Berserk           |     2 |     1 |     4 ||     7
       Trog's Hand       |       |       |     1 ||     1
       Brothers in Arms  |       |       |     1 ||     1
 Abil: Breathe Dispellin |       |       |     1 ||     1
  Use: Scroll            |     2 |       |     8 ||    10
       Potion            |       |       |     1 ||     1
 Stab: Sleeping          |     3 |     7 |     9 ||    19
       Distracted        |       |       |     1 ||     1
Armor: Skin              |    37 |    27 |    34 ||    98
Dodge: Dodged            |    92 |    56 |   116 ||   264
       Repelled          |       |     1 |       ||     1
Block: Other             |     5 |    17 |    30 ||    52

Table legend: (Time is in decaauts)
 A = Elapsed time spent in this place.
 B = Non-inter-level travel time spent in this place.
 C = Inter-level travel time spent in this place.
 D = Time resting spent in this place.
 E = Time spent auto-exploring this place.
 F = Levels seen in this place.
 G = Mean time per level.
                   A        B        C        D        E       F      G
               +--------+--------+--------+--------+--------+-----+--------+
         Total |   7829 |   7568 |    261 |    388 |   6126 |   8 |  978.6 |
       Dungeon |   7829 |   7568 |    261 |    388 |   6126 |   8 |  978.6 |
               +--------+--------+--------+--------+--------+-----+--------+

Top non-repeatable levels by time:
     D:7: 1589 daAuts
     D:6: 1133 daAuts
     D:1: 1078 daAuts
     D:4: 1023 daAuts
     D:3: 970 daAuts
     D:2: 964 daAuts
     D:5: 948 daAuts
     D:8: 121 daAuts
